cohdb
Replays
Latest Replays
All Replays
Popular Replays
Top Player Replays
Match Explorer
How It Works
Community
CoH3 Stats
Reddit
Sign in to upload your games and track your stats! →
Sign in with Steam
Match 42421619
Unlisted
Match 42421619
Overview
Messages
Build Orders
End
Kradschützen Motorcycle Team
Panzergrenadier Squad
Panzergrenadier Squad
Construct Light Support Kompanie
Selects Battlefield Espionage Battlegroup
MG34 Team
Fire Support Elements
Selects 250/3 Funkpanzerwagen
le.IG 18 Support Gun Team
Assault Mechanized Group
250/3 Funkpanzerwagen
2.5-tonne Medical Truck
Selects Anti-Tank Incendiary Munitions
Selects Anti-Tank Incendiary Munitions
Construct Mechanized Kompanie
Pak 38 Anti-tank Gun Team
Pak 38 Anti-tank Gun Team
250/3 Funkpanzerwagen
Construct Panzerarmee Kommand
Selects Sector Subterfuge Beacon
Selects Transfer Depots
Selects Firestorm
Jello
Acelguita
✪ Kakimeister
[GG]Onkel Stonkel
[GG]Quiq
shafieinima
0
0
Comments
sign in to comment!
No comments posted yet!